 Dungeon Crawl Stone Soup version 0.28.0-53-g5a82cb258f (webtiles) character file.

Game seed: 14400016539492854993

797 hawla the Destroyer (level 7, -10/37 HPs)
             Began as a Deep Elf Conjurer on June 8, 2022.
             Mangled by an orc warrior
             ... wielding a +0 scimitar
              (21 damage)
             ... on level 5 of the Dungeon on June 10, 2022.
             The game lasted 00:16:47 (5858 turns).

hawla the Destroyer (Deep Elf Conjurer)             Turns: 5858, Time: 00:16:48

Health: -10/37     AC:  5    Str:  6    XL:     7   Next: 58%
Magic:  2/14       EV: 13    Int: 23    God:
Gold:   107        SH:  0    Dex: 13    Spells: 6/13 levels left

rFire   . . .      SeeInvis .   c - +7 Throatcutter {drain, coup de grace}
rCold   . . .      Faith    .   (no shield)
rNeg    + . .      Spirit   .   e - +2 robe {rN+}
rPois   +          Reflect  .   (no helmet)
rElec   .          Harm     .   (no cloak)
rCorr   .          Rampage  .   (no gloves)
Will    .....                   b - +0 pair of boots
Stlth   ++........              (no amulet)
HPRegen 0.12/turn               d - ring of poison resistance
MPRegen 0.14/turn               (no ring)

@: no status effects
A: no striking features
a: no special abilities


You were on level 5 of the Dungeon.
You visited 1 branch of the dungeon, and saw 5 of its levels.

You collected 107 gold pieces.

Inventory:

Hand Weapons
 c - the +7 Throatcutter (weapon) {drain, coup de grace}
   (You took it off Terence on level 2 of the Dungeon)

   A truly terrible weapon, it drains the life of any living foe it strikes.
   It may instantly kill foes which have little health.
Armour
 b - a +0 pair of boots (worn)
 e - a +2 robe of positive energy (worn)
Jewellery
 d - a ring of poison resistance (left hand)
 k - a ring of wizardry
Wands
 g - a wand of mindburst (12)
 i - a wand of iceblast (22)
Scrolls
 j - a scroll of noise {unknown}
 l - a scroll of identify
Potions
 a - a potion of lignification {unknown}
 f - 2 potions of haste
 h - a potion of flight {unknown}
 m - a potion of mutation {unknown}


   Skills:
 + Level 0.9 Fighting
 + Level 2.8 Long Blades
 + Level 3.4 Dodging
 - Level 3.0 Stealth
 - Level 3.8 Spellcasting
 * Level 8.1 Conjurations
 * Level 3.2 Translocations


You had 6 spell levels left.
You knew the following spells:

 Your Spells              Type           Power      Damage    Failure   Level
a - Magic Dart            Conj           100%       1d8       1%          1
b - Searing Ray           Conj           82%        2d7       1%          2
c - Iskenderun's Mystic   Conj/Tloc      30%        2d8       11%         4

Your spell library contained the following spells:

 Spells                   Type           Power      Damage    Failure   Level
 Blink                    Tloc           38%        N/A       4%          2
 Dazzling Flash           Conj/Hex       46%        N/A       6%          3
 Fulminant Prism          Conj/Hex       11%        3d9       21%         4
 Ozocubu's Armour         Ice            4%         N/A       32%         3
 Manifold Assault         Tloc           19%        N/A       61%         5
 Summon Forest            Summ/Tloc      5%         N/A       83%         5
 Eringya's Noxious Bog    Tmut/Pois      2%         N/A       100%        6
 Ozocubu's Refrigeration  Ice            2%         4d5       100%        7
 Storm Form               Tmut/Air       2%         N/A       100%        7
 Summon Hydra             Summ           2%         N/A       100%        7


Dungeon Overview and Level Annotations

Branches:
Dungeon (5/15)
 Temple: D:4-7

Altars:

Shops:
D:2 :!   D:4 [


Message History

The orc priest invokes the aid of Beogh against you.
Pain shoots through your body!
Casting: Iskenderun's Mystic Blast (quite dangerous; 11% risk of failure)
Confirm with . or Enter, or press ? or * to list all spells.
The spell is quite dangerous to miscast (11% risk of failure)!
Continue anyway?
You erupt in a blast of force!
The mystic blast hits the orc warrior.
The orc warrior is moderately wounded.
The orc warrior is knocked back by the mystic blast.
The orc warrior slams into the rock wall!
The mystic blast hits the orc wizard.
You kill the orc wizard!
The mystic blast hits the orc priest!
The orc priest is almost dead.
The orc priest is knocked back by the mystic blast.
The orc priest slams into the rock wall!
You kill the orc priest!
Casting: Iskenderun's Mystic Blast (quite dangerous; 11% risk of failure)
Confirm with . or Enter, or press ? or * to list all spells.
Aiming: Searing Ray (safe; 1% risk of failure)
Press: ? - help, Shift-Dir - straight line, f - orc warrior
Aim: an orc warrior, wielding a +0 scimitar and wearing a +0 chain mail (moderately wounded, 80% to hit)
The searing ray hits the orc warrior.
The orc warrior is heavily wounded. (Press . to maintain the ray.)
The searing ray hits the orc warrior!
The orc warrior is severely wounded.
The orc warrior barely misses you.
The searing ray hits the orc warrior.
The orc warrior is almost dead.
The orc warrior hits you with a +0 scimitar!!
Ouch! That really hurt!
The searing ray hits the orc warrior.
The orc warrior is almost dead.
You finish channelling your searing ray.
The orc warrior hits you with a +0 scimitar.
* * * LOW HITPOINT WARNING * * *
The orc warrior closely misses you.
The orc warrior hits you with a +0 scimitar!!
Ouch! That really hurt!
You die...

## .# ##+##.# ##
#)....##....
#...@....# .#
#..Yo######.##
#............#
##.......[#..#(
..####......#....
...............
...#.....#....# .
.#(..#:#.####
.......>...###


You could see an orc warrior and an ice beast.

Vanquished Creatures
  Sigmund (D:2)
  An ogre (D:4)
  A scorpion (D:4)
  4 orc priests
  An iguana (D:4)
  Terence (D:2)
  4 orc wizards
  4 gnolls (D:4)
  7 adders
  An ufetubus (D:4)
  5 dart slugs
  12 orcs
  8 ball pythons
  3 bats
  12 endoplasms
  2 giant cockroaches (D:2)
  8 goblins
  8 hobgoblins
  3 jackals (D:1)
  4 quokkas
  4 frilled lizards
  9 kobolds
  7 rats
110 creatures vanquished.

Vanquished Creatures (others)
  8 plants (D:2)
8 creatures vanquished.

Grand Total: 118 creatures vanquished

Notes
Turn   | Place    | Note
-------+----------+-------------------------------------------
     0 | D:1      | hawla the Deep Elf Conjurer began the quest for the Orb.
     0 | D:1      | Reached XP level 1. HP: 10/10 MP: 6/6
   247 | D:1      | Reached XP level 2. HP: 15/15 MP: 4/8
   352 | D:1      | Reached skill level 5 in Conjurations
  1045 | D:2      | Reached XP level 3. HP: 17/19 MP: 5/9
  1050 | D:2      | Learned a level 2 spell: Searing Ray
  1211 | D:2      | Noticed Sigmund
  1469 | D:2      | Found Qoots's Book Shoppe.
  2032 | D:2      | Reached XP level 4. HP: 24/24 MP: 8/11
  2037 | D:2      | Learned a level 4 spell: Iskenderun's Mystic Blast
  2168 | D:2      | Killed Sigmund
  2169 | D:2      | Reached skill level 6 in Conjurations
  2169 | D:2      | Reached skill level 1 in Translocations
  2169 | D:2      | Reached XP level 5. HP: 18/28 MP: 0/12
  2333 | D:2      | Noticed Terence
  2353 | D:2      | Killed Terence
  2354 | D:2      | Reached skill level 7 in Conjurations
  2779 | D:2      | Found Ziez's Distillery.
  2910 | D:2      | Reached XP level 6. HP: 32/32 MP: 9/13
  4024 | D:3      | Found a faded altar of an unknown god.
  4364 | D:4      | Reached skill level 1 in Long Blades
  4931 | D:4      | Reached XP level 7. HP: 36/37 MP: 4/14
  5031 | D:4      | Found Meojes Yrej's Armour Shop.
  5438 | D:4      | Reached skill level 8 in Conjurations
  5778 | D:5      | Entered Level 5 of the Dungeon
  5858 | D:5      | Mangled by an orc warrior

Illustrated notes

Levels and vault maps discovered:
D:1:      lemuel_arrival_room, layout_loops_ring
D:2:      kennysheep_six_static_rooms, layout_basic, serial_shops,
          nicolae_square_shop, nicolae_shop_stone, lexackson_kobold_supper,
          uniq_sigmund, uniq_terence
D:3:      layout_basic, dilly_ecumenical_altar_fadedgnrine
D:4:      layout_loops_ring, serial_shops, nicolae_shop_statue_plus,
          minmay_misc_feat_x, grunt_decor_junction, st_stairs_7,
          grunt_ministairs_14, nicolae_figureground_pulse
D:5:      layout_basic, serial_shops, shop

Skill      XL: |  1  2  3  4  5  6  7 |
---------------+----------------------+-----
Conjurations   | 5 6 7 8 |  8.1
Stealth        | 3 |  3.0
Translocations | 1 2 3 |  3.2
Long Blades    | 1 2 |  2.8
Dodging        | 3 |  3.4
Fighting       | |  0.9
Spellcasting   | |  3.8

Action                   |  1- 3 |  4- 6 |  7- 9 || total
-------------------------+-------+-------+-------++-------
Melee: Long sword        |       |    38 |    14 ||    52
 Cast: Magic Dart        |    65 |    10 |       ||    75
       Searing Ray       |     4 |    15 |     4 ||    23
       Iskenderun's Myst |       |     6 |     2 ||     8
  Use: Scroll            |     1 |     5 |       ||     6
       Potion            |       |     4 |       ||     4
 Stab: Sleeping          |       |     6 |     2 ||     8
Armor: Robe              |     2 |    14 |     3 ||    19
Dodge: Dodged            |     5 |    37 |    10 ||    52
